 Dungeon Crawl Stone Soup version 0.28-a0-909-g796cbd3a86 (webtiles) character file.

Game seed: 8367281685532838338

40 mainiacjoe the Magician (level 3, 0/25 HPs)
             Began as a Djinni Fire Elementalist on Nov 24, 2021.
             Slain by a kobold (1 damage)
             ... on level 3 of the Dungeon.
             The game lasted 00:06:03 (2220 turns).

mainiacjoe the Magician (Djinni Fire Elementalist)  Turns: 2220, Time: 00:06:03

Health: 0/25       AC:  2    Str:  7    XL:     3   Next: 72%
Gold:   104        EV: 12    Int: 17    God:
                   SH:  0    Dex: 13

rFire   + + .      SeeInvis .   a - +0 long sword (holy)
rCold   x . .      Faith    .   (no shield)
rNeg    . . .      Spirit   .   h - +0 robe
rPois   ∞          Reflect  .   (no helmet)
rElec   .          Harm     .   (no cloak)
rCorr   .          Rampage  .   (no gloves)
Will    .....                   (boots unavailable)
Stlth   ++........              (no amulet)
HPRegen 0.08/turn               (no ring)
MPRegen 0.00/turn               (no ring)

@: flying
A: sickness immunity, fire resistance 2, cold vulnerability 1, float, innate
caster, hp casting, extra vitality 1
a: no special abilities


You were on level 3 of the Dungeon.
You visited 1 branch of the dungeon, and saw 3 of its levels.

You collected 104 gold pieces.

Inventory:

Hand Weapons
 a - a +0 long sword of holy wrath (weapon)
 b - a +0 hunting sling
 k - a +3 short sword
Missiles
 c - 19 poisoned darts (quivered)
 d - 73 arrows
 f - 30 stones
Armour
 h - a +0 robe (worn)
Potions
 e - a potion of haste {unknown}
 g - a potion of curing {unknown}
 i - a potion of magic {unknown}
 j - a potion of mutation {unknown}
 l - a potion of invisibility {unknown}


   Skills:
 - Level 2.2 Dodging
 - Level 1.6 Stealth
 + Level 3.4 Spellcasting


You couldn't memorise any spells.
You knew the following spells:

 Your Spells              Type           Power      Damage    Failure   Level
a - Foxfire               Conj/Fire      56%        2x1d6     4%          1
b - Scorch                Fire           28%        2d6       6%          2
c - Conjure Flame         Conj/Fire      14%        6-21      12%         3
d - Inner Flame           Hex/Fire       14%        N/A       12%         3
e - Shock                 Conj/Air       56%        1d6       4%          1
z - Flame Wave            Conj/Fire      14%        3d5       38%         4
Your spell library was empty.

Dungeon Overview and Level Annotations

Branches:
Dungeon (3/15)

Altars:


Innate Abilities, Weirdness & Mutations

You are immune to sickness and miasma.
You are immune to poison.
Your flesh is very heat resistant. (rF++)
You are vulnerable to cold. (rC-)
You float through the air rather than walking.
You learn spells naturally, not from books.
Your magical power is your life essence.
You have superior vitality. (+4 HP)


Message History

The kobold throws a stone.
The stone barely misses you.
A rat comes into view.
The kobold throws a stone.
The stone hits you but does no damage.
Casting: Foxfire (safe; 4% risk of failure)
Confirm with . or Enter, or press ? or * to list all spells.
You conjure some foxfire!
The gnoll barely misses you.
The kobold throws a stone.
The stone closely misses you.
Your foxfire dissipates!
The foxfire hits the gnoll but does no damage.
The gnoll is moderately wounded.
Casting: Foxfire (safe; 4% risk of failure)
Confirm with . or Enter, or press ? or * to list all spells.
You conjure some foxfire!
The gnoll hits you with a +0 flail.
The kobold hits you with a +0 short sword.
The foxfire hits the kobold but does no damage.
The foxfire hits the kobold.
The kobold is moderately wounded.
The kobold throws a stone.
The stone misses you.
Casting: Foxfire (safe; 4% risk of failure)
Confirm with . or Enter, or press ? or * to list all spells.
Flames lash the gnoll.
The gnoll is severely wounded.
The gnoll's fire resistance burns away.
The gnoll barely misses you.
Unknown command.
The gnoll hits you with a +0 flail!
* * * LOW HITPOINT WARNING * * *
Okay, then.
The gnoll is no longer more vulnerable to fire.
The kobold throws a stone.
The stone hits you but does no damage.
Your magical contamination has completely faded away.
The kobold throws a stone.
The stone closely misses you.
Casting: Scorch (safe; 6% risk of failure)
Confirm with . or Enter, or press ? or * to list all spells.
Flames lash the rat.
You kill the rat!
* * * LOW HITPOINT WARNING * * *
The kobold throws a stone.
The stone hits you but does no damage.
Unknown command.
The kobold hits you with a +0 dagger.
You die...

### ... #.. . # ....
#.###.### ....
##.#.#.#.### .....
#........<.###.....
###@#.#.#.#.........
#..gK...............
#.#K#.#.#.#.........
#................$..
#.#.#.#.#.#.†..#####
#....[.........#
#.#.#.#.#.#....#
#.##...........#
#..............#


You could see a gnoll and 2 kobolds.

Vanquished Creatures
  5 bats
  An endoplasm (D:1)
  5 giant cockroaches
  3 goblins (D:1)
  2 hobgoblins
  A kobold (D:1)
  5 quokkas
  5 ball pythons
  3 frilled lizards
  6 rats
36 creatures vanquished.

Vanquished Creatures (others)
  69 foxfires
69 creatures vanquished.

Grand Total: 105 creatures vanquished

Notes
Turn   | Place    | Note
-------+----------+-------------------------------------------
     0 | D:1      | mainiacjoe the Djinni Fire Elementalist began the quest for
                  | the Orb.
     0 | D:1      | Reached XP level 1. HP: 15/15 MP: 0/0
   323 | D:1      | Reached XP level 2. HP: 21/21 MP: 0/0
   629 | D:1      | Reached skill level 3 in Spellcasting
   837 | D:1      | Found a faded altar of an unknown god.
   877 | D:1      | Reached XP level 3. HP: 22/25 MP: 0/0
   877 | D:1      | Learned a level 1 spell: Shock
  2220 | D:3      | Slain by a kobold

Illustrated notes

Levels and vault maps discovered:
D:1:      heliophobic_arrival_glass_houses, layout_rooms, serial_forest,
          infiniplex_forest_straight_2, infiniplex_forest_lined_room_2,
          infiniplex_forest_fountain, infiniplex_forest_clump_small,
          hellmonk_ecumenical_altar_heavens_door
D:2:      layout_basic, grunt_decor_fettered
D:3:      layout_basic, st_stairs_9

Skill      XL: |  1  2 |
---------------+-------+-----
Spellcasting   | 3 |  3.4
Dodging        | |  2.2
Stealth        | |  1.6

Action                   || total
-------------------------++-------
Melee: Dagger            ||     1
       Long sword        ||     5
 Fire: Hunting sling     ||    33
Throw: Dart              ||     2
 Cast: Foxfire           ||    43
       Scorch            ||     8
Armor: Robe              ||    13
Dodge: Dodged            ||    31

Table legend: (Time is in decaauts)
 A = Elapsed time spent in this place.
 B = Non-inter-level travel time spent in this place.
 C = Inter-level travel time spent in this place.
 D = Time resting spent in this place.
 E = Time spent auto-exploring this place.
 F = Levels seen in this place.
 G = Mean time per level.
                   A        B        C        D        E       F      G
               +--------+--------+--------+--------+--------+-----+--------+
         Total |   2224 |   2189 |     35 |    178 |   1733 |   3 |  741.3 |
       Dungeon |   2224 |   2189 |     35 |    178 |   1733 |   3 |  741.3 |
               +--------+--------+--------+--------+--------+-----+--------+

Top non-repeatable levels by time:
     D:2: 1155 daAuts
     D:1: 1043 daAuts
     D:3: 24 daAuts
